Map: Traitor's Exile

Players

Puchunguita

  • Race: Terran Terran
  • League: Diamond
  • Spawn Location: 5:00

Schrodinger

  • Race: Terran Terran
  • Spawn Location: 6:00

OpuS

  • Race: Protoss Protoss
  • League: Platinum
  • Spawn Location: 12:00

Sketchaphone

  • Race: Zerg Zerg
  • League: Platinum
  • Spawn Location: 9:00

VOD

Have the link to the VOD?

Description

Time

  • Played on: Feb. 12, 2019, 7:18 p.m.
  • Length: 8:49
Show
View Real Time Build Order
Export as new Build Order

Puchunguita Terran 

Build Orders:  

Get SALT Encoding   

  12  0:01  SCV  
  13  0:13  SCV  
  14  0:25  SCV  
  14  0:26  Supply Depot  
  15  0:48  SCV  
  16  0:50  Barracks  
  16  0:54  Refinery  
  16  1:00  SCV  
  17  1:11  Refinery  
  17  1:12  SCV  
  18  1:25  SCV  
  19  1:37  Barracks Tech Lab  
  19  1:39  Barracks, Orbital Command  
  19  1:55  Supply Depot  
  19  1:56  Stimpack  
  19  2:05  Marine  
  19  2:06  SCV  
  21  2:15  Factory  
  21  2:19  SCV  
  22  2:25  Marauder  
  22  2:27  Barracks Tech Lab  
  24  2:31  SCV  
  25  2:38  Supply Depot  
  25  2:45  SCV  
  25  2:47  Concussive Shells  
  25  2:48  Marine  
  27  2:54  Marauder  
  27  2:57  SCV  
  30  3:04  Factory Reactor  
  30  3:09  Starport  
  30  3:20  Marauder  
  30  3:21  Marauder  
  34  3:28  Supply Depot  
  34  3:57  Marauder, Marine  
  34  3:58  Medivac x2  
  41  4:13  Command Center  
  41  4:17  Marine  
  42  4:26  Marine  
  42  4:29  Medivac x2  
  47  4:45  Barracks  
  47  5:09  Supply Depot  
  47  5:10  Supply Depot  
  47  5:17  Liberator x2  
  47  5:24  Marine  
  47  5:25  Marauder  
  50  5:32  Orbital Command  
  54  5:50  Orbital Command  
  54  5:52  SCV  
  54  5:53  Marine x2  
  54  5:54  Marine  
  52  6:29  SCV  
  52  6:30  SCV  
  52  6:32  Marine  
  55  6:37  Marine x2  
  56  6:52  Armory  
  56  6:53  Engineering Bay  
  56  6:56  Marine x2  
  56  6:57  Marine  
  56  7:05  Medivac  
  56  7:06  SCV x2  
  60  7:18  SCV  
  61  7:34  Marine  
  61  7:35  Marauder x2  
  61  7:36  SCV x2  
  67  7:48  SCV  
  68  7:52  Marine  
  68  7:55  Marine x2  
  68  7:59  Medivac  
  68  8:00  Barracks  
  68  8:01  Barracks  
  70  8:10  Marine  
  69  8:13  Marine  
  69  8:19  Supply Depot x2  
  70  8:20  Supply Depot  
Show
View Real Time Build Order
Export as new Build Order

Schrodinger Terran 

Build Orders:  

Get SALT Encoding   

  12  0:01  SCV  
  13  0:13  SCV  
  14  0:25  Supply Depot  
  14  0:27  SCV  
  15  0:46  SCV  
  15  0:49  Barracks  
  16  0:52  Refinery  
  16  0:59  SCV  
  17  1:09  Refinery  
  17  1:11  SCV  
  18  1:23  SCV  
  19  1:35  SCV  
  19  1:38  Marine  
  21  1:46  Supply Depot  
  21  1:50  SCV  
  21  1:53  Factory  
  22  1:58  Marine  
  23  2:14  SCV  
  24  2:16  Marine  
  25  2:30  SCV  
  25  2:33  Marine  
  27  2:37  Factory Tech Lab  
  27  2:40  Starport  
  27  2:43  SCV  
  28  2:50  Supply Depot  
  28  2:52  Barracks Tech Lab  
  28  2:56  Orbital Command  
  28  3:00  Cyclone  
  31  3:15  Marine  
  31  3:19  Medivac  
  34  3:25  Supply Depot  
  34  3:33  Cyclone  
  37  4:02  Starport Reactor  
  37  4:22  Hellion  
  39  4:26  Supply Depot  
  30  4:43  Hellion  
  29  4:51  SCV  
  28  5:03  SCV  
  21  5:18  SCV  
  21  5:22  Medivac  
  23  5:30  Supply Depot  
  23  5:33  Siege Tank  
  23  5:35  SCV  
  22  5:47  SCV  
  17  5:59  SCV  
  17  6:11  Cyclone, SCV  
  20  6:14  Supply Depot  
  21  6:19  Barracks  
  21  6:20  Liberator  
  21  6:23  SCV  
  22  6:31  Viking  
  24  6:35  SCV  
  28  6:47  SCV  
  28  6:53  Hellion  
  31  6:59  SCV  
  32  7:03  Supply Depot  
  32  7:12  SCV  
  32  7:15  Engineering Bay  
  33  7:18  Marine  
  34  7:32  Siege Tank  
  34  7:35  Marine  
  38  7:40  SCV  
  38  7:43  Missile Turret  
  39  7:53  Marine, SCV  
  41  8:05  SCV  
  42  8:11  Marine  
  43  8:13  Barracks  
  45  8:27  SCV  
  45  8:29  Marine  
Show
View Real Time Build Order
Export as new Build Order

OpuS Protoss 

Build Orders:  

Get SALT Encoding   

  12  0:01  Probe  
  13  0:13  Probe  
  14  0:22  Pylon  
  14  0:25  Probe  
  15  0:44  Probe  
  15  0:46  Gateway  
  16  0:52  Probe  
  17  1:02  Probe, Assimilator  
  18  1:13  Gateway  
  18  1:14  Probe  
  19  1:20  Gateway  
  19  1:22  Probe  
  19  1:30  Probe  
  21  1:41  Cybernetics Core  
  21  1:42  Probe  
  21  1:43  Pylon  
  22  1:54  Probe  
  23  2:06  Probe, Assimilator  
  23  2:07  Warp Gate  
  24  2:19  Adept x2  
  27  2:37  Gateway  
  27  2:39  Forge  
  27  2:46  Robotics Facility  
  27  2:50  Pylon  
  27  3:14  Nexus  
  27  3:18  Pylon  
  27  3:30  Stalker  
  29  3:34  Stalker  
  31  3:42  Sentry  
  31  3:44  Observer  
  34  3:53  Probe  
  34  4:05  Probe  
  34  4:07  Observer  
  36  4:15  Stalker, Adept  
  40  4:22  Sentry  
  42  4:27  Probe  
  42  4:28  Probe  
  44  4:39  Probe  
  44  4:40  Probe  
  37  5:02  Immortal  
  29  5:08  Stalker x3  
  8  5:53  Probe  
Show
View Real Time Build Order
Export as new Build Order

Sketchaphone Zerg 

Build Orders: Hatch First 

Get SALT Encoding   

  12  0:01  Drone  
  13  0:13  Overlord  
  13  0:20  Drone  
  14  0:23  Extractor  
  14  0:24  Drone  
  15  0:31  Drone  
  16  0:37  Drone  
  17  0:58  Hatchery  
  17  1:02  Drone  
  17  1:05  Extractor  
  17  1:06  Drone  
  17  1:16  Drone  
  18  1:27  Spawning Pool  
  18  1:28  Drone  
  18  1:45  Drone  
  19  1:48  Drone  
  19  1:49  Overlord  
  20  2:00  Drone  
  21  2:10  Drone  
  21  2:13  Overlord  
  21  2:14  Queen  
  24  2:15  Metabolic Boost  
  24  2:20  Drone  
  24  2:22  Drone  
  26  2:34  Baneling Nest  
  26  2:35  Zergling x4  
  27  2:43  Zergling x2  
  28  2:47  Zergling x2  
  29  2:53  Drone  
  29  2:54  Zergling x2  
  31  3:07  Zergling x4  
  31  3:09  Queen  
  35  3:18  Zergling x2  
  36  3:22  Hatchery  
  36  3:27  Zergling x6  
  38  3:36  Baneling x6  
  38  3:37  Zergling x2  
  39  3:45  Queen  
  41  3:51  Zergling x4  
  43  3:56  Zergling x2  
  44  4:05  Overlord  
  41  4:35  Zergling x16  
  47  4:42  Lair, Drone  
  47  4:45  Extractor  
  43  4:55  Zergling x6  
  43  4:57  Drone x2  
  48  5:06  Zergling x2  
  49  5:10  Queen  
  51  5:25  Baneling x7  
  48  5:36  Zergling x10  
  48  5:37  Zergling x10  
  52  5:52  Zergling x10  
  55  6:02  Zergling x6  
  57  6:08  Zergling x6  
  57  6:13  Zergling x2  
  57  6:22  Zergling x4  
  57  6:27  Roach Warren  
  57  6:28  Evolution Chamber  
  51  6:44  Drone x5  
  51  6:45  Drone  
  51  7:00  Baneling x7  
  51  7:02  Zergling x6  
  39  7:32  Zergling x4  
  39  7:33  Zergling x10  
  42  7:38  Roach x4  
  48  7:47  Zergling x8  
  45  7:59  Zergling x8  
  45  8:01  Zergling x2  
  48  8:09  Zergling x4  
  48  8:11  Zergling x2  
  43  8:19  Spine Crawler  
Tags
 
Add a new tag
Caveats
  • Supply blocks, unpowered buildings, or Contaminate may cause inaccurate times.
  • Supply counts are checked every 10 seconds.